 Dungeon Crawl Stone Soup version 0.22-b1-59-g0aedee7 (webtiles) character file.

56 MTVSty1e the Chopper (level 3, 0/20 HPs)
             Began as a Gargoyle Monk on Aug 9, 2018.
             Killed by divine providence
             ... invoked by an orc priest
              (15 damage)
             ... on level 2 of the Dungeon.
             The game lasted 00:02:01 (877 turns).

MTVSty1e the Chopper (Gargoyle Monk)                 Turns: 877, Time: 00:02:03

Health: 0/20       AC:  9    Str: 15    XL:     3   Next: 95%
Magic:  3/3        EV: 12    Int: 10    God:
Gold:   47         SH:  0    Dex: 12    Spells: 2/2 levels left

rFire    + . .     SeeInvis .   a - +0 hand axe
rCold    + . .     Gourm    .   (no shield)
rNeg     + . .     Faith    .   k - +0 scale mail
rPois    ∞         Spirit   .   (helmet restricted)
rElec    +         Reflect  .   (no cloak)
rCorr    +         Harm     .   f - +2 pair of gloves
MR       .....                  (no boots)
Stlth    +.........             (no amulet)
HPRegen  0.06/turn              (no ring)
MPRegen  0.08/turn              (no ring)

@: resistant
A: horns 1, repulsion field 1, deformed body, frail 1, negative energy
resistance 1, electricity resistance, unbreathing, petrification resistance, rot
immunity, AC +3
a: no special abilities


You were on level 2 of the Dungeon.
You were not hungry.

You visited 1 branch of the dungeon, and saw 2 of its levels.

You collected 47 gold pieces.

Inventory:

Hand Weapons
 a - a +0 hand axe (weapon)
Armour
 f - a +2 pair of gloves (worn)
 k - a +0 scale mail (worn)
Scrolls
 d - 2 scrolls of teleportation {unknown}
 e - 2 scrolls of identify {unknown}
 h - a scroll of enchant weapon {unknown}
Potions
 i - a potion of curing
Comestibles
 c - 2 rations


   Skills:
 - Level 3.2 Fighting
 + Level 4.3 Axes
 - Level 2.4 Dodging
 - Level 2.1 Stealth


You had 2 spell levels left.
You didn't know any spells.
Your spell library was empty.

Dungeon Overview and Level Annotations

Branches:
Dungeon (2/15)

Altars:


Innate Abilities, Weirdness & Mutations

You are resistant to torment.
Your stone body is resilient. (AC +3)
You are immune to poison.
You resist negative energy. (rN+)
You are resistant to electric shocks. (rElec)
You can survive without breathing.
You are immune to petrification.
You are immune to rotting.
You have a pair of small horns on your head.
You are surrounded by a mild repulsion field. (EV +2)
Armour fits poorly on your strangely shaped body.
You are frail. (-10% HP)


Message History

The hobgoblin hits you but does no damage.
The orc priest completely misses you.
You closely miss the orc priest.
The orc priest is heavily wounded.
You barely miss the hobgoblin. The hobgoblin misses you.
The orc priest hits you but does no damage.
Unknown command.
You hit the orc priest.
The orc priest is severely wounded.
Your scale mail prevents you from hitting the hobgoblin.
The hobgoblin hits you but does no damage.
The orc priest hits you but does no damage.
Unknown command.
You hit the orc priest but do no damage.
The orc priest is severely wounded.
You closely miss the hobgoblin. The hobgoblin misses you.
The orc priest mumbles some strange prayers to Beogh against you.
Beogh smites you!
Ouch! That really hurt!
You die...

.....#...# ....#
.........###.#.###.. .
.....#...†...#..>#....
.........##[...#.#....
##.###...###..........
...# #...##..#..#.#..
...# #####..###.#.#
...# #.# #.#g###.##
.... ... #.@o......
...# #### #.#)......
...# #.........
##........ ........
##...... ...... ######


You could see an orc priest and a hobgoblin.

Vanquished Creatures
  An adder (D:2)
  An ooze (D:1)
  A dart slug (D:1)
  A leopard gecko (D:1)
  3 orcs (D:2)
  A ball python (D:2)
  7 bats (D:1)
  A giant cockroach (D:1)
  2 goblins
  4 hobgoblins (D:1)
  2 jackals (D:1)
  4 kobolds
  A frilled lizard (D:1)
  5 rats
34 creatures vanquished.

Notes
Turn   | Place    | Note
-------+----------+-------------------------------------------
     0 | D:1      | MTVSty1e the Gargoyle Monk began the quest for the Orb.
     0 | D:1      | Reached XP level 1. HP: 14/14 MP: 1/1
   104 | D:1      | Reached skill level 3 in Axes
   141 | D:1      | Reached XP level 2. HP: 14/19 MP: 2/2
   425 | D:1      | Reached XP level 3. HP: 23/23 MP: 3/3
   777 | D:1      | Reached skill level 4 in Axes
   866 | D:2      | Gained mutation: You have a pair of small horns on your head. [potion of mutation]
   866 | D:2      | Gained mutation: You are frail. (-10% HP) [potion of mutation]
   866 | D:2      | Gained mutation: Armour fits poorly on your strangely shaped body. [potion of mutation]
   866 | D:2      | Gained mutation: You are surrounded by a mild repulsion field. (EV +2) [potion of mutation]
   877 | D:2      | Killed from afar by an orc priest

Skill      XL: |  1  2  3 |
---------------+----------+-----
Axes           | 3 4 |  4.3
Fighting       | |  3.2
Dodging        | |  2.4
Stealth        | |  2.1

Action                   || total
-------------------------++-------
Melee: Hand axe          ||   133
       Headbutt          ||     2
  Use: Potion            ||     3
 Stab: Sleeping          ||     1
Armor: Robe              ||     2
       Ring mail         ||    60
       Scale mail        ||    26
Dodge: Dodged            ||   125
